 Dungeon Crawl Stone Soup version 0.27-a0-1431-gcffa5a9b16 (webtiles) character file.

Game seed: 12883551510018978352

11 Sobieck the Stinger (level 2, -3/17 HPs)
             Began as an Octopode Venom Mage on July 2, 2021.
             Killed by nerve-wracking pain
             ... invoked by a shadow imp
             ... summoned by Natasha
              (13 damage)
             ... on level 1 of the Dungeon.
             The game lasted 00:01:37 (1314 turns).

Sobieck the Stinger (Octopode Venom Mage)           Turns: 1314, Time: 00:01:37

Health: -3/17      AC:  1    Str:  7    XL:     2   Next: 25%
Magic:  1/5        EV: 13    Int: 17    God:
Gold:   77         SH:  0    Dex: 12    Spells: 4/5 levels left

rFire    . . .     SeeInvis .   (no weapon)
rCold    . . .     Faith    .   (no shield)
rNeg     . . .     Spirit   .   (helmet restricted)
rPois    .         Reflect  .   (no amulet)
rElec    .         Harm     .   (no ring)
rCorr    .         Rampage  .   (no ring)
Will     .....                  (no ring)
Stlth    +++.......             (no ring)
HPRegen  0.05/turn              (no ring)
MPRegen  0.09/turn              (no ring)
                                (no ring)
                                (no ring)

@: no status effects
A: almost no armour, amphibious, 8 rings, camouflage 1, gelatinous body 1,
(nimble swimmer 1), tentacles
a: no special abilities


You were on level 1 of the Dungeon.
You visited 1 branch of the dungeon, and saw 2 of its levels.

You collected 77 gold pieces.


Innate Abilities, Weirdness & Mutations

You cannot wear most types of armour.
You are amphibious.
You can wear up to eight rings at the same time.
Your skin changes colour to match your surroundings (Stealth+).
Your rubbery body absorbs attacks. (AC +1, EV +1)
((You are camouflaged near water. (Stealth+)))
You have tentacles for arms and can constrict up to eight enemies at once.


   Skills:
 - Level 2.0 Dodging
 - Level 2.6 Stealth
 - Level 2.0 Spellcasting
 - Level 1.0 Transmutations
 + Level 4.4 Poison Magic


You had 4 spell levels left.
You knew the following spells:

 Your Spells              Type           Power      Damage    Failure   Level
a - Sting                 Tmut/Pois      44%        1d5       6%          1

Your spell library contained the following spells:

 Spells                   Type           Power      Damage    Failure   Level
 Poisonous Vapours        Pois/Air       18%        N/A       12%         2
 Blink                    Tloc           N/A        N/A       28%         2
 Ignite Poison            Fire/Tmut/Pois 7%         N/A       28%         3
 Olgreb's Toxic Radiance  Pois           16%        N/A       30%         4
 Mephitic Cloud           Conj/Pois/Air  6%         N/A       32%         3
 Lesser Beckoning         Tloc           0%         N/A       50%         3
 Manifold Assault         Tloc           1%         N/A       99%         5

Inventory:

Hand Weapons
 a - a +0 club {mace}
   (You took it off a goblin on level 1 of the Dungeon)
 e - a +0 short sword {short}
   (You took it off a kobold on level 1 of the Dungeon)
 g - a +2 whip of venom {mace}
   (You found it on level 1 of the Dungeon)
 h - a +0 mace {mace}
   (You found it on level 1 of the Dungeon)
Missiles
 f - 3 stones {throwing}
Scrolls
 b - a scroll of enchant armour {unknown}
 c - a scroll of teleportation {unknown}
 d - a scroll of magic mapping {unknown}

Dungeon Overview and Level Annotations

Branches:
Dungeon (2/15)

Altars:

Annotations:
D:1 Natasha

#.#.......#.#.# #.#..
#.#.8.8.8.#.#.# ####.###
#.#.......#.#.# #....... #
#.+.8.<.8.+.#.##### #.......
#####.#.......#.#.....# #.......
....#.#.8.8.8.#.#...#.# #.......
.##.#.#.......#.....#.####.......
.##.#.####+####.#...#.#..........
..............h.@.....#.##.......
.#............>##.....[.#######.#
.#..##.......5.##.#.###.# #.#
.......#...#...##.#.# ### #.#
###..#.#.......##.#.# #.# #
#..#.>.......##.#.# #.# #
#..#....#.......#.##### #..
#............#........# ###
##..######...#.##.###.# #.


You could see Natasha (very poisoned) and a shadow imp (summoned).


Message History

You kill the rat! 😎 MP[-1]
You lost 1 mp, and now have 4/5 mp.
You climb upwards.
There is a stone staircase leading down here.
You now have 77 gold pieces (gained 7).
h - a +0 mace {mace} You open the door.
You open the door.
Found a faded altar of an unknown god.
There is an open door here. 😎 MP[+1]
Your mp is fully restored (5).
You see here a +0 leather armour.
Done exploring.
Done exploring.
(D) Dungeon
Where to? (Enter - D:2, ? - help)
There is a stone staircase leading down here.
You climb downwards.
A ball python comes into view.
There is a stone staircase leading up here.
A ball python is nearby!
Natasha, Servant of Life and Death comes into view.
You can't see any susceptible monsters within range! (Use Z to cast anyway.)
You can't see any susceptible monsters within range! (Use Z to cast anyway.)
Casting: Sting (safe; 6% risk of failure)
Confirm with . or Enter, or press ? or * to list all spells.
Aiming: Sting (safe; 6% risk of failure)
Press: ? - help, Shift-Dir - straight line, f - you
Okay, then.
Natasha hisses angrily.
Casting: Sting (safe; 6% risk of failure)
Confirm with . or Enter, or press ? or * to list all spells.
Aiming: Sting (safe; 6% risk of failure)
Press: ? - help, Shift-Dir - straight line, f - Natasha
Aim: Natasha (64% to hit)
The sting hits Natasha.
Natasha is poisoned. 😎 MP[-1]
You lost 1 mp, and now have 4/5 mp.
Casting: Sting (safe; 6% risk of failure)
Confirm with . or Enter, or press ? or * to list all spells.
Aiming: Sting (safe; 6% risk of failure)
Press: ? - help, Shift-Dir - straight line, f/p - Natasha
Aim: Natasha (poisoned, 64% to hit)
The sting misses Natasha.
The ball python hisses angrily.
Natasha completely misses you. 😎 MP[-1]
You lost 1 mp, and now have 3/5 mp.
Casting: Sting (safe; 6% risk of failure)
Confirm with . or Enter, or press ? or * to list all spells.
Aiming: Sting (safe; 6% risk of failure)
Press: ? - help, Shift-Dir - straight line, f/p - Natasha
Aim: Natasha (lightly wounded, poisoned, 64% to hit)
The sting hits Natasha.
Natasha looks even sicker.
Natasha drinks a potion.
Natasha is healed!
Natasha looks more healthy. 😎 MP[-1]
You lost 1 mp, and now have 2/5 mp.
A frilled lizard comes into view.
Natasha howls an incantation.
You feel troubled.
The frilled lizard hisses angrily.
The frilled lizard hisses.
There is a stone staircase leading up here.
Natasha casts a spell.
The ball python barely misses you. The ball python closely misses you.
You climb upwards.
The iron imp disappears in a puff of smoke!
There is a stone staircase leading down here.
You tentacle-slap the ball python. You grab the ball python.
You squeeze the ball python.
You kill the ball python!
Natasha mumbles some strange words.
Casting: Sting (safe; 6% risk of failure)
Confirm with . or Enter, or press ? or * to list all spells.
Aiming: Sting (safe; 6% risk of failure)
Press: ? - help, Shift-Dir - straight line, f - Natasha
Aim: Natasha (64% to hit)
The sting hits Natasha.
Natasha is poisoned.
Natasha closely misses you. 😎 MP[-1]
You lost 1 mp, and now have 1/5 mp.
Casting: Sting (safe; 6% risk of failure)
Confirm with . or Enter, or press ? or * to list all spells.
Aiming: Sting (safe; 6% risk of failure)
Press: ? - help, Shift-Dir - straight line, f/p - Natasha
Aim: Natasha (lightly wounded, poisoned, 64% to hit)
The sting hits Natasha but does no damage.
Natasha looks even sicker.
Natasha claws you! 😮 HP[-7] MP[-1]
You take 7 damage, and now have 10/17 hp.
MASSIVE DAMAGE!! (PAUSE)
You lost 1 mp, and now have 0/5 mp.
Natasha misses you. 😮 MP[+1]
The shadow imp gestures at you. Pain shoots through your body!
Ouch! That really hurt!
You die...

Skill      XL: |  1 |
---------------+----+-----
Poison Magic   | 4 |  4.4
Dodging        | |  2.0
Stealth        | |  2.6
Spellcasting   | |  2.0
Transmutations | |  1.0

Action                   || total
-------------------------++-------
Melee: Unarmed           ||     6
       Constrict         ||     1
       Tentacles         ||     1
 Cast: Sting             ||    16
Armor: Skin              ||     1
Dodge: Dodged            ||     7

Levels and vault maps discovered:
D:1:      doesnt_arrival_eight_statues, layout_basic,
          shapermc_ecumenical_altar_mp_vishouse
D:2:      minmay_angry_zag, layout_loops_ring, minmay_shallow_snake_nest,
          uniq_natasha

Notes
Turn   | Place    | Note
-------+----------+-------------------------------------------
     0 | D:1      | Sobieck the Octopode Venom Mage began the quest for the
                  | Orb.
     0 | D:1      | Reached XP level 1. HP: 11/11 MP: 3/3
     0 | D:1      | magus.rc [v1.9.6]
   325 | D:1      | Reached skill level 4 in Poison Magic
   430 | D:1      | You pick up a book of Spatial Translocations and begin
                  | reading...
   430 | D:1      | You add the spells Blink, Lesser Beckoning and Manifold
                  | Assault to your library.
   580 | D:1      | Reached XP level 2. HP: 6/17 MP: 3/5
  1123 | D:1      | Found a faded altar of an unknown god.
  1299 | D:2      | Noticed Natasha
  1314 | D:1      | Killed from afar by a shadow imp

Vanquished Creatures
  An endoplasm (D:1)
  A giant cockroach (D:1)
  A goblin (D:1)
  A hobgoblin (D:1)
  2 ball pythons (D:1)
  2 bats (D:1)
  A frilled lizard (D:1)
  A kobold (D:1)
  2 rats
12 creatures vanquished.

Table legend:
 A = Non-vault XP
 B = Vault XP
 C = Vault XP percentage of total XP
 D = Non-vault monster count
 E = Vault monster count
 F = Vault count percentage of total count
                 A         B        C        D         E       F
            +---------+---------+-------+---------+---------+-------
      Total |      16 |       0 |   0.0 |      12 |       0 |   0.0
            +---------+---------+-------+---------+---------+-------
        D:1 |      15 |       0 |   0.0 |      11 |       0 |   0.0
        D:2 |       1 |       0 |   0.0 |       1 |       0 |   0.0
            +---------+---------+-------+---------+---------+-------

Illustrated notes

Table legend:
 A = Kills in this place as a percentage of kills in entire the game.
 B = Kills by you in this place as a percentage of kills by you in the entire game.
 C = Kills by friends in this place as a percentage of kills by friends in the entire game.
 D = Other kills in this place as a percentage of other kills in the entire game.
 E = Experience gained in this place as a percentage of experience gained in the entire game.
 F = Experience gained in this place divided by the number of levels of this place that you have seen.
                   A       B       C       D       E      F
               +-------+-------+-------+-------+-------+----------------------
         Total | 100.0 | 100.0 |   N/A |   N/A | 100.0 |   8.0
       Dungeon | 100.0 | 100.0 |   N/A |   N/A | 100.0 |   8.0
               +-------+-------+-------+-------+-------+----------------------

Table legend: (Time is in decaauts)
 A = Elapsed time spent in this place.
 B = Non-inter-level travel time spent in this place.
 C = Inter-level travel time spent in this place.
 D = Time resting spent in this place.
 E = Time spent auto-exploring this place.
 F = Levels seen in this place.
 G = Mean time per level.
                   A        B        C        D        E       F      G
               +--------+--------+--------+--------+--------+-----+--------+
         Total |   1316 |   1250 |     66 |    204 |    963 |   2 |  658.0 |
       Dungeon |   1316 |   1250 |     66 |    204 |    963 |   2 |  658.0 |
               +--------+--------+--------+--------+--------+-----+--------+

Top non-repeatable levels by time:
     D:1: 1299 daAuts
     D:2: 16 daAuts
